 Dungeon Sprint DCSS version 0.20-a0-540-ge6d1839 (webtiles) character file.

36448 dvd the Bludgeoner (level 12, -30/139 (140) HPs)
             Began as a Troll Berserker on Jan 29, 2017.
             Was a High Priest of Trog.
             Annihilated by an azure jelly (36 damage)
             ... in the Dungeon (Sprint III: "The Ten Rune Challenge").
             The game lasted 00:20:46 (3389 turns).

dvd the Bludgeoner (Troll Berserker)                Turns: 3389, Time: 00:20:47

HP:   -30/139 (140) AC:  8    Str: 26    XL:     12   Next: 71%
MP:   11/11         EV: 19    Int: 10    God:    Trog [*****.]
Gold: 1671          SH:  0    Dex: 18    Spells: 11/11 levels left

rFire    + . .     SeeInvis .   a - +4 giant spiked club "Cukopha" {crush, Dex+5}
rCold    . . .     Gourm    +   G - +0 robe (curse)
rNeg     . . .     Faith    .   (shield currently unavailable)
rPois    .         Spirit   .   I - +1 hat "Pem Caihoch" {*Drain rF+ Str-2 Int+7}
rElec    +         Reflect  .   (no cloak)
rCorr    .         Harm     .   (gloves unavailable)
MR       .....     NoTele   +   (boots unavailable)
Stlth    +++.......             (no amulet)
Regen    0.8/turn               (no ring)
                                H - ring of the Republic {rElec Str+2}

@: exhausted, slowed, very slow
A: unfitting armour, claws 3, yellow scales 1, fast metabolism 3, gourmand,
mutation resistance 1, regeneration 1, shaggy fur 1, tough skin 2, weak 1
}: 1/10 runes: barnacled
a: Berserk, Trog's Hand, Brothers in Arms, Burn Spellbooks, Renounce Religion


You were in the Dungeon.
You worshipped Trog.
Trog was extremely pleased with you.
You were near starving.

You visited 1 branch You collected 2657 gold pieces.
You spent 986 gold pieces at shops.

Inventory:

Hand Weapons
 a - the +4 giant spiked club "Cukopha" (weapon) {crush, Dex+5}
   (Trog gifted it to you in the Dungeon)

   It inflicts extra damage upon your enemies.
   It affects your dexterity (+5).
 s - the +5 giant club of Fury {crush, Int+6}
   (Trog gifted it to you in the Dungeon)

   It inflicts extra damage upon your enemies.
   It affects your intelligence (+6).
 t - a +1 broad axe of flaming
 u - a +4 antimagic giant spiked club
 v - a +5 shortbow of flaming
 w - the +5 hunting sling of Trog's Benevolence {venom, Stlth+}
   (Trog gifted it to you in the Dungeon)

   It poisons the ammo it fires.
   It makes you more stealthy.
 y - the +7 giant club "Ucaokux" {holy, rPois Int+7}
   (Trog gifted it to you in the Dungeon)

   It has been blessed by the Shining One to cause great damage to the undead
   and demons.
   It affects your intelligence (+7).
   It protects you from poison.
 C - a +4 vampiric lajatang
 F - a +3 fustibalus of freezing
Missiles
 B - 4 javelins of returning (quivered)
 D - 3 throwing nets
 E - 8 tomahawks of returning
Armour
 b - a +0 animal skin
 x - a +0 hat
 G - a cursed +0 robe (worn)
 I - the +1 hat "Pem Caihoch" (worn) {*Drain rF+ Str-2 Int+7}
   (You acquired it in the Dungeon)

   It affects your strength (-2).
   It affects your intelligence (+7).
   It protects you from fire.
   It causes draining when unequipped.
Jewellery
 H - the ring of the Republic (left claw) {rElec Str+2}
   (You bought it in a shop in the Dungeon)

   [ring of strength]

   It affects your strength (+2).
   It insulates you from electricity.
Scrolls
 i - a scroll of blinking
 l - a scroll of torment {unknown}
 m - 2 scrolls of identify {unknown}
 n - 2 scrolls of remove curse
 o - a scroll of immolation {unknown}
 p - a scroll of enchant armour {unknown}
Potions
 d - 3 potions of curing
 e - 3 potions of heal wounds
 f - 2 potions of haste
 g - 2 potions of magic
 h - 3 potions of berserk rage
 j - a potion of cure mutation {unknown}
 r - a potion of flight
 z - 2 potions of brilliance {unknown}
 A - a potion of might
Comestibles
 c - 3 bread rations
 k - a meat ration
 q - 23 royal jellies


   Skills:
 + Level 14.9 Fighting
 + Level 20.3 Maces & Flails
 + Level 1.1 Throwing
 + Level 12.0 Dodging
 + Level 4.9 Stealth


You had 11 spell levels left.
You didn't know any spells.

Dungeon Overview and Level Annotations

Branches:
Dungeon (1/1)

Altars:
Cheibriados
Dithmenos
Elyvilon
Fedhas
Gozag
Hepliaklqana
Kikubaaqudgha
Makhleb
Nemelex Xobeh
Okawaru
Qazlal
Ru
Sif Muna
Trog
Uskayaw
Vehumet
Xom
Yredelemnul
Zin
The Shining One
Beogh
Jiyva
Lugonu

Shops:
D [?=}


Innate Abilities, Weirdness & Mutations

You are too large for most types of armour.
You have claws for hands.
Your metabolism is lightning-fast.
You like to eat raw meat.
Your natural rate of healing is unusually fast.
You are covered in fur. (AC +1)
You have very tough skin. (AC +2)
You are partially covered in yellow scales. (AC +2)
You are somewhat resistant to further mutation.
You are weak. (Str -2)


Message History

You closely miss the azure jelly. The azure jelly hits you!
The azure jelly freezes you!!!
* * * LOW HITPOINT WARNING * * *
The azure jelly completely misses you. The azure jelly misses you. x2
You barely miss the azure jelly.
You see here a +3 antimagic great mace.
You feel a strong urge to attack something.
You are no longer berserk.
You are exhausted.
You feel yourself slow down.
Your iron troll goes berserk!
You are near starving!
The azure jelly hits you but does no damage.
The azure jelly completely misses you. The azure jelly misses you.
The azure jelly hits you.
* * * LOW HITPOINT WARNING * * *
The azure jelly barely misses you. The azure jelly hits you!
* * * LOW HITPOINT WARNING * * *
The azure jelly freezes you!!!
You die...

▓...+≈≈§§≈≈§≈≈♣♣.....♣♣♣♣)≈≈....
▓..P#.≈§§§§≈≈.♣♣.≈≈≈≈'♣♣'♣≈≈≈≈≈≈
▓.PP#≈≈≈§§§§≈≈≈'.....#.≈♣♣♣♣♣♣♣♣
▓..P#≈≈≈≈§§≈≈≈♣♣♣♣♣♣♣#..♣♣
▓...#≈≈≈§§≈≈≈≈♣ ###'♣♣♣♣♣♣♣
▓##'####'#######♣ ♣♣♣♣.##..##≈
▓........)......♣♣ ♣...##.##.#≈
▓#+#############'♣ ♣♣.##†##.##'
▓...#≈.......JJ@T♣ ♣..#.##...#
▓...'≈≈...########♣♣ ♣♣.##.##.[#
▓...#≈≈≈...........♣ ♣♣.##.#####
▓...#≈≈≈≈P..PP.....♣ ♣.....# .
#+#############'############ #
▓..........PP▓ ▓≈≈........≈≈▓
▓≈≈≈PP..P.≈≈≈▓ ▓≈≈≈≈≈..≈≈≈≈≈▓


You could see 2 azure jellies and a friendly iron troll (berserk).

Vanquished Creatures
  A kraken (D)
  Harold (D)
  Gastronok (D)
  An azure jelly (D)
  A dire elephant (D)
  A hydra (D)
  2 alligator snapping turtles (D)
  2 death yaks (D)
  Urug (D)
  Joseph (D)
  A lindwurm (D)
  A deep elf mage (D)
  A black mamba (D)
  2 spiny frogs (D)
  A komodo dragon (D)
  A rime drake (D)
  A queen bee (D)
  2 tyrant leeches (D)
  6 blink frogs (D)
  4 snapping turtles (D)
  A shadow (D)
  5 redbacks (D)
  3 wandering mushrooms (D)
  A spatial vortex (D)
  A swamp drake (D)
  A necrophage (D)
  4 two-headed ogres (D)
  A water elemental (D)
  32 killer bees (D)
  An electric eel (D)
  A jelly (D)
  A wizard (D)
  An orc wizard (D)
  Jessica (D)
  A necromancer (D)
  A kobold demonologist (D)
  3 humans (D)
  An ooze (D)
  A phantom (D)
  2 rats (D)
  3 tentacles (D)
98 creatures vanquished.

Vanquished Creatures (collateral kills)
  Rupert (D)
  A dire elephant (D)
  Erolcha (D)
  2 death yaks (D)
  An orc high priest (D)
  2 elephants (D)
  A black mamba (D)
  A two-headed ogre (D)
  2 blink frogs (D)
  3 orc warriors (D)
  5 orc priests (D)
  3 orc wizards (D)
  5 orcs (D)
  3 tentacles (D)
31 creatures vanquished.

Vanquished Creatures (others)
  2 draconian scorchers (D)
  A hydra (D)
  6 hellions (D)
  2 yaktaurs (D)
  5 plants (D)
  11 tentacles (D)
27 creatures vanquished.

Grand Total: 156 creatures vanquished

Notes
Turn   | Place    | Note
-------+----------+-------------------------------------------
     0 | D        | dvd the Troll Berserker began the quest for the Orb.
     0 | D        | Reached XP level 1. HP: 22/22 MP: 0/0
     8 | D        | Reached skill level 3 in Maces & Flails
    19 | D        | Noticed Jessica
    20 | D        | Reached ** piety under Trog
    22 | D        | Killed Jessica
    22 | D        | Reached skill level 4 in Maces & Flails
    22 | D        | Reached XP level 2. HP: 32/32 MP: 1/1
    22 | D        | Reached XP level 3. HP: 39/39 MP: 2/2
   104 | D        | Killed a hellion
   137 | D        | Killed a hellion
   154 | D        | Killed a yaktaur
   163 | D        | Reached *** piety under Trog
   177 | D        | Gained mutation: You are weak. (Str -2) [potion of mutation]
   177 | D        | Gained mutation: You are partially covered in yellow scales. (AC +2) [potion of mutation]
   177 | D        | Gained mutation: You tend to lose your temper in combat. [potion of mutation]
   178 | D        | Lost mutation: You tend to lose your temper in combat. [potion of mutation]
   178 | D        | Gained mutation: You are somewhat resistant to further mutation. [potion of mutation]
   192 | D        | Noticed a water elemental
   198 | D        | Killed a water elemental
   198 | D        | Reached skill level 5 in Fighting
   198 | D        | Reached skill level 5 in Maces & Flails
   198 | D        | Reached XP level 4. HP: 37/50 MP: 3/3
   213 | D        | Killed a white draconian scorcher
   235 | D        | Killed a white draconian scorcher
   239 | D        | Found a glowing silver altar of Zin.
   239 | D        | Found a glowing golden altar of the Shining One.
   239 | D        | Found a white marble altar of Elyvilon.
   240 | D        | Noticed a deep elf mage
   245 | D        | Killed a deep elf mage
   245 | D        | Reached skill level 9 in Maces & Flails
   245 | D        | Reached XP level 5. HP: 62/62 MP: 4/4
   245 | D        | Reached XP level 6. HP: 71/71 MP: 5/5
   252 | D        | Killed a hellion
   252 | D        | Killed a hellion
   252 | D        | Killed a hellion
   253 | D        | Killed a hellion
   296 | D        | Found a radiant altar of Vehumet.
   297 | D        | Found a deep blue altar of Sif Muna.
   297 | D        | Found an ancient bone altar of Kikubaaqudgha.
   300 | D        | Reached **** piety under Trog
   300 | D        | Reached XP level 7. HP: 78/78 MP: 6/6
   311 | D        | Reached ***** piety under Trog
   353 | D        | Found a hide-covered altar of Uskayaw.
   353 | D        | Found a roughly hewn altar of Beogh.
   353 | D        | Found an iron altar of Okawaru.
   353 | D        | Found a bloodstained altar of Trog.
   353 | D        | Noticed a human
   353 | D        | Noticed a human
   359 | D        | Killed a human
   375 | D        | Killed a human
   375 | D        | Reached skill level 10 in Maces & Flails
   416 | D        | Found a basalt altar of Yredelemnul.
   416 | D        | Found a shadowy altar of Dithmenos.
   416 | D        | Found a sacrificial altar of Ru.
   443 | D        | Noticed a shadow
   451 | D        | Received a gift from Trog
   458 | D        | Killed a shadow
   458 | D        | Reached XP level 8. HP: 66/90 MP: 7/7
   529 | D        | Found a blossoming altar of Fedhas.
   529 | D        | Found a stormy altar of Qazlal.
   529 | D        | Found a snail-covered altar of Cheibriados.
   529 | D        | Found a burning altar of Makhleb.
   529 | D        | Found a shimmering altar of Xom.
   530 | D        | Found a hazy altar of Hepliaklqana.
   530 | D        | Found an opulent altar of Gozag.
   530 | D        | Found a sparkling altar of Nemelex Xobeh.
   530 | D        | Found a corrupted altar of Lugonu.
   530 | D        | Found a viscous altar of Jiyva.
   561 | D        | Reached skill level 11 in Maces & Flails
   672 | D        | Noticed a two-headed ogre
   684 | D        | Killed a two-headed ogre
   689 | D        | Noticed Erolcha
   693 | D        | Noticed a two-headed ogre
   700 | D        | Killed Erolcha
   700 | D        | Received a gift from Trog
   700 | D        | Reached skill level 10 in Fighting
   700 | D        | Reached skill level 12 in Maces & Flails
   700 | D        | Reached XP level 9. HP: 33/100 MP: 8/8
   702 | D        | Killed a two-headed ogre
   811 | D        | Noticed an orc high priest
   828 | D        | Killed an orc high priest
   828 | D        | Reached skill level 13 in Maces & Flails
   832 | D        | Received a gift from Trog
   833 | D        | Got an ivory giant spiked club {god gift}
   834 | D        | Identified the +4 giant spiked club "Cukopha" {crush, Dex+5} (Trog gifted it to you in the Dungeon)
   839 | D        | Received a gift from Trog
   840 | D        | Got a slimy hunting sling {god gift}
   840 | D        | Reached ****** piety under Trog
   942 | D        | Received a gift from Trog
   951 | D        | Identified the +5 hunting sling of Trog's Benevolence {venom, Stlth+} (Trog gifted it to you in the Dungeon)
   969 | D        | Found Zool's Gadget Shop.
  1043 | D        | Noticed a wandering mushroom
  1047 | D        | Noticed a wandering mushroom
  1054 | D        | Noticed a wandering mushroom
  1056 | D        | Reached skill level 10 in Dodging
  1060 | D        | Killed a wandering mushroom
  1060 | D        | Reached skill level 14 in Maces & Flails
  1152 | D        | Noticed a spiny frog
  1152 | D        | Noticed a komodo dragon
  1152 | D        | Noticed a spiny frog
  1154 | D        | Killed a spiny frog
  1154 | D        | Reached XP level 10. HP: 112/112 MP: 9/9
  1156 | D        | Killed a spiny frog
  1156 | D        | Received a gift from Trog
  1156 | D        | Reached skill level 1 in Stealth
  1267 | D        | Reached skill level 15 in Maces & Flails
  1410 | D        | Noticed Rupert
  1411 | D        | Paralysed by Rupert for 2 turns
  1419 | D        | Killed Rupert
  1419 | D        | Reached skill level 16 in Maces & Flails
  1527 | D        | Noticed a death yak
  1528 | D        | Noticed a death yak
  1530 | D        | Noticed a death yak
  1531 | D        | Noticed a death yak
  1536 | D        | Killed a death yak
  1536 | D        | Received a gift from Trog
  1536 | D        | Reached XP level 11. HP: 122/122 MP: 10/10
  1541 | D        | Killed a death yak
  1546 | D        | Killed a death yak
  1546 | D        | Reached skill level 17 in Maces & Flails
  1548 | D        | Got a crystal giant club {god gift}
  1548 | D        | Killed a death yak
  1549 | D        | Identified the +5 giant club of Fury {crush, Int+6} (Trog gifted it to you in the Dungeon)
  1558 | D        | Received a gift from Trog
  1571 | D        | Noticed an azure jelly
  1571 | D        | Noticed an azure jelly
  1762 | D        | Noticed an azure jelly
  1762 | D        | Noticed an azure jelly
  1763 | D        | Noticed a dire elephant
  1763 | D        | Noticed a dire elephant
  1763 | D        | Noticed Gastronok
  1766 | D        | Killed a dire elephant
  1771 | D        | Killed a dire elephant
  1771 | D        | Reached skill level 18 in Maces & Flails
  1778 | D        | Killed Gastronok
  1867 | D        | Received a gift from Trog
  1887 | D        | Got a brightly glowing giant club {god gift}
  1888 | D        | Identified the +7 giant club "Ucaokux" {holy, rPois Int+7} (Trog gifted it to you in the Dungeon)
  1967 | D        | Received a gift from Trog
  1984 | D        | Received a gift from Trog
  2156 | D        | Noticed Harold
  2156 | D        | Noticed Joseph
  2165 | D        | Killed Harold
  2165 | D        | Reached skill level 19 in Maces & Flails
  2165 | D        | Reached XP level 12. HP: 128/136 MP: 11/11
  2174 | D        | Killed Joseph
  2174 | D        | Received a gift from Trog
  2409 | D        | Noticed Urug
  2417 | D        | Killed Urug
  2417 | D        | Received a gift from Trog
  2431 | D        | Noticed a seven-headed hydra
  2431 | D        | Noticed a six-headed hydra
  2453 | D        | Killed a six-headed hydra
  2475 | D        | Killed a seven-headed hydra
  2654 | D        | Noticed a kraken
  2870 | D        | Killed a kraken
  3011 | D        | Noticed an alligator snapping turtle
  3046 | D        | Found Yffaxkoci's Antique Armour Shoppe.
  3046 | D        | Found Numypic's Magic Scroll Boutique.
  3046 | D        | Found Okyirou's Jewellery Shop.
  3046 | D        | Noticed an alligator snapping turtle
  3082 | D        | Killed an alligator snapping turtle
  3082 | D        | Received a gift from Trog
  3082 | D        | Reached skill level 20 in Maces & Flails
  3123 | D        | Killed an alligator snapping turtle
  3123 | D        | Reached skill level 1 in Throwing
  3238 | D        | Got a barnacled rune of Zot
  3244 | D        | Received a gift from Trog
  3255 | D        | Bought a runed robe for 187 gold pieces
  3268 | D        | Bought the ring of the Republic {rElec Str+2} for 279 gold pieces
  3273 | D        | Bought a scroll of acquirement for 520 gold pieces
  3274 | D        | Got an ancient hat
  3285 | D        | Identified the +1 hat "Pem Caihoch" {*Drain rF+ Str-2 Int+7} (You acquired it in the Dungeon)
  3381 | D        | Killed an azure jelly
  3389 | D        | HP: 6/139 [azure jelly (8)]
  3389 | D        | Annihilated by an azure jelly

Vault maps used:
D:        dungeon_sprint_mu

Skill      XL: |  1  2  3  4  5  6  7  8  9 10 11 12 |
---------------+-------------------------------------+-----
Maces & Flails | 4 5 9 10 12 14 16 19 20 | 20.3
Fighting       | 3 5 7 8 10 11 12 13 14 | 14.9
Dodging        | 3 4 7 8 9 10 11 12 | 12.0
Stealth        | 2 4 |  4.9
Throwing       | 1 |  1.1

Action                   |  1- 3 |  4- 6 |  7- 9 | 10-12 || total
-------------------------+-------+-------+-------+-------++-------
Melee: Mace              |    37 |     6 |    62 |       ||   105
       Dire flail        |       |       |    19 |       ||    19
       Giant spiked club |       |       |    15 |   151 ||   166
       Great mace        |       |       |     7 |       ||     7
       Giant club        |       |       |       |    93 ||    93
Throw: Throwing net      |       |       |       |     1 ||     1
       Javelin           |       |       |       |     3 ||     3
Invok: Berserk           |     2 |     2 |     4 |     4 ||    12
       Burn Spellbooks   |       |       |     1 |       ||     1
       Brothers in Arms  |       |       |     2 |     9 ||    11
       Trog's Hand       |       |       |       |     1 ||     1
  Use: Potion            |     3 |       |       |       ||     3
       Scroll            |       |       |       |     1 ||     1
 Stab: Sleeping          |       |       |       |     5 ||     5
       Distracted        |       |       |       |     1 ||     1
  Eat: Chunk             |     4 |     2 |    18 |    19 ||    43
       Royal jelly       |       |       |       |     3 ||     3
Armor: Animal skin       |     5 |       |     4 |    25 ||    34
       Robe              |       |       |       |     6 ||     6
Dodge: Dodged            |    14 |     1 |    55 |   211 ||   281
